Map: Proxima Station LE

Players

OhIndeed - Winner!

  • Race: Protoss Protoss
  • League: Platinum
  • Spawn Location: 7:00

Fropez

  • Race: Protoss Protoss
  • League: Platinum
  • Spawn Location: 1:00

VOD

Have the link to the VOD?

Description

Time

  • Played on: Jan. 25, 2017, 1:03 p.m.
  • Length: 9:00
Show
View Real Time Build Order
Export as new Build Order

OhIndeed Protoss - Winner!

Build Orders: Oracle Opening 

Get SALT Encoding   

  12  0:08  Probe (Chrono Boost)  
  13  0:15  Pylon  
  13  0:20  Probe (Chrono Boost)  
  14  0:31  Probe (Chrono Boost)  
  15  0:35  Gateway  
  15  0:42  Probe (Chrono Boost)  
  16  0:47  Assimilator  
  16  0:52  Probe (Chrono Boost)  
  17  1:03  Probe (Chrono Boost)  
  18  1:09  Assimilator  
  18  1:13  Probe (Chrono Boost)  
  19  1:22  Assimilator  
  19  1:24  Probe (Chrono Boost)  
  20  1:35  Probe (Chrono Boost)  
  21  1:49  Nexus  
  21  1:53  Probe (Chrono Boost)  
  22  2:05  Cybernetics Core  
  22  2:10  Pylon  
  22  2:15  Probe (Chrono Boost)  
  23  2:28  Probe (Chrono Boost)  
  24  2:39  Probe (Chrono Boost), Gateway  
  24  2:41  Warp Gate  
  25  2:50  Probe (Chrono Boost)  
  26  2:57  Stargate  
  24  3:13  Probe (Chrono Boost)  
  24  3:15  Stalker  
  27  3:22  Probe (Chrono Boost)  
  27  3:26  Stalker  
  30  3:29  Gateway  
  30  3:32  Probe (Chrono Boost)  
  30  3:33  Probe (Chrono Boost)  
  32  3:43  Probe x2 (Chrono Boost)  
  32  3:44  Oracle  
  37  3:53  Probe (Chrono Boost)  
  38  3:58  Robotics Facility  
  38  4:01  Probe (Chrono Boost)  
  39  4:04  Probe (Chrono Boost)  
  40  4:11  Probe (Chrono Boost)  
  40  4:14  Probe (Chrono Boost)  
  40  4:16  Sentry x2  
  46  4:23  Pylon  
  46  4:41  Probe x2 (Chrono Boost)  
  46  4:43  Pylon  
  48  4:45  Nexus  
  48  4:51  Probe x2 (Chrono Boost)  
  50  4:53  Stalker x2  
  54  5:06  Probe (Chrono Boost)  
  55  5:09  Forge  
  55  5:10  Probe (Chrono Boost)  
  55  5:13  Stalker  
  58  5:17  Probe (Chrono Boost)  
  58  5:21  Probe (Chrono Boost)  
  60  5:27  Probe (Chrono Boost)  
  61  5:30  Assimilator  
  61  5:32  Pylon  
  61  5:34  Pylon  
  61  5:36  Probe (Chrono Boost)  
  61  5:40  Pylon  
  62  5:50  Probe (Chrono Boost), Immortal  
  62  5:52  Stalker x2  
  62  5:55  Pylon, Probe (Chrono Boost)  
  72  6:00  Probe (Chrono Boost)  
  70  6:05  Probe (Chrono Boost)  
  70  6:08  Pylon, Protoss Ground Weapons Level 1  
  71  6:14  Probe (Chrono Boost)  
  71  6:17  Probe x2 (Chrono Boost), Forge  
  74  6:24  Probe (Chrono Boost)  
  75  6:27  Probe (Chrono Boost)  
  75  6:28  Probe (Chrono Boost)  
  75  6:30  Stalker  
  75  6:31  Sentry x2  
  83  6:35  Probe (Chrono Boost)  
  83  6:36  Gateway  
  83  6:38  Probe (Chrono Boost)  
  85  6:40  Probe (Chrono Boost), Gateway  
  86  6:47  Immortal  
  86  6:48  Probe (Chrono Boost)  
  86  6:51  Probe (Chrono Boost)  
  92  6:54  Probe (Chrono Boost)  
  92  6:55  Assimilator  
  92  6:56  Stalker  
  92  6:57  Sentry  
  92  6:58  Sentry  
  99  7:02  Protoss Ground Armor Level 1  
  99  7:04  Probe (Chrono Boost)  
  99  7:05  Probe x2 (Chrono Boost)  
  102  7:12  Gateway  
  102  7:15  Gateway  
  102  7:20  Stalker  
  102  7:21  Pylon, Stalker x2  
  109  7:24  Probe (Chrono Boost)  
  109  7:26  Probe x2 (Chrono Boost)  
  109  7:28  Assimilator  
  111  7:31  Assimilator, Immortal  
  111  7:32  Pylon  
  115  7:41  Pylon  
  115  7:42  Probe (Chrono Boost)  
  115  7:43  Probe (Chrono Boost)  
  117  7:52  Stalker  
  117  7:53  Sentry  
  117  7:57  Nexus  
  121  8:08  Stalker  
  121  8:10  Probe (Chrono Boost)  
  121  8:12  Probe (Chrono Boost)  
  125  8:13  Pylon, Stalker  
  125  8:14  Stalker  
  125  8:15  Stalker x2  
  125  8:16  Zealot  
  125  8:17  Zealot  
  137  8:25  Probe (Chrono Boost)  
  137  8:27  Probe (Chrono Boost)  
  139  8:29  Gateway  
  139  8:31  Robotics Facility  
  139  8:34  Twilight Council, Probe (Chrono Boost)  
  140  8:36  Probe (Chrono Boost)  
  140  8:37  Photon Cannon  
  140  8:40  Photon Cannon  
Show
View Real Time Build Order
Export as new Build Order

Fropez Protoss 

Build Orders: 1 Gate Expand 

Get SALT Encoding   

  12  0:01  Probe (Chrono Boost)  
  13  0:12  Probe (Chrono Boost)  
  14  0:21  Pylon  
  14  0:23  Probe (Chrono Boost)  
  15  0:39  Probe (Chrono Boost)  
  16  0:44  Gateway  
  16  0:49  Probe (Chrono Boost)  
  17  0:57  Assimilator  
  17  1:04  Probe (Chrono Boost)  
  19  1:25  Probe (Chrono Boost)  
  19  1:26  Nexus  
  19  1:36  Probe (Chrono Boost)  
  20  1:42  Pylon  
  20  1:48  Probe (Chrono Boost)  
  20  1:51  Cybernetics Core  
  21  1:58  Probe (Chrono Boost)  
  22  2:09  Gateway  
  22  2:11  Probe (Chrono Boost)  
  23  2:21  Probe (Chrono Boost)  
  24  2:32  Stalker, Mothership Core (Chrono Boost)  
  28  2:42  Probe (Chrono Boost)  
  29  2:50  Probe (Chrono Boost)  
  30  2:52  Probe (Chrono Boost)  
  30  2:57  Stalker  
  32  3:01  Probe (Chrono Boost)  
  32  3:05  Probe (Chrono Boost)  
  34  3:10  Pylon, Assimilator  
  34  3:13  Assimilator  
  34  3:14  Probe (Chrono Boost)  
  35  3:29  Twilight Council  
  35  3:33  Probe x2 (Chrono Boost)  
  37  3:51  Warp Gate  
  37  3:53  Probe (Chrono Boost)  
  38  3:57  Stalker  
  38  3:58  Stalker  
  42  4:04  Probe (Chrono Boost), Blink  
  43  4:42  Probe x2 (Chrono Boost)  
  45  4:51  Assimilator  
  44  4:54  Probe x2 (Chrono Boost)  
  36  5:13  Probe x2 (Chrono Boost)  
  38  5:24  Pylon  
  40  5:36  Probe (Chrono Boost)  
  40  5:37  Probe (Chrono Boost)  
  40  5:44  Gateway x2  
  40  5:47  Pylon  
  40  5:48  Gateway  
  40  5:50  Gateway  
  40  6:06  Probe x2 (Chrono Boost)  
  44  6:18  Probe x2 (Chrono Boost)  
  44  6:19  Pylon  
  44  6:26  Pylon, Stalker x2  
  44  6:30  Probe x2 (Chrono Boost)  
  50  6:42  Probe (Chrono Boost)  
  50  6:45  Stalker x3  
  57  6:50  Probe (Chrono Boost)  
  59  6:55  Pylon, Probe (Chrono Boost)  
  60  7:02  Probe (Chrono Boost)  
  60  7:03  Robotics Facility  
  60  7:05  Gateway  
  60  7:07  Pylon, Probe (Chrono Boost)  
  61  7:08  Stalker  
  61  7:09  Stalker  
  61  7:11  Nexus, Stalker x2  
  61  7:12  Stalker  
  71  7:15  Assimilator  
  71  7:19  Assimilator  
  71  7:21  Pylon  
  71  7:27  Probe x2 (Chrono Boost)  
  73  7:32  Forge  
  73  7:34  Forge  
  73  7:36  Forge  
  73  7:39  Stalker  
  73  7:40  Stalker  
  73  7:43  Probe (Chrono Boost)  
  79  7:44  Probe (Chrono Boost)  
  79  7:55  Nexus  
  77  8:10  Stalker x4  
  77  8:11  Observer  
  86  8:29  Observer  
  89  8:35  Probe x2 (Chrono Boost)  
  89  8:41  Pylon  
  87  8:42  Stalker  
  87  8:43  Pylon, Stalker  
Tags
 
Add a new tag
Caveats
  • Supply blocks, unpowered buildings, or Contaminate may cause inaccurate times.
  • Supply counts are checked every 10 seconds.